 Dungeon Crawl Stone Soup version 0.28.0-53-g5a82cb258f (webtiles) character file.

Game seed: 16827392001291262849

63 styxcanada the Sneak (level 3, -1/18 HPs)
             Began as a Spriggan Brigand on Aug 11, 2022.
             Slain by a black bear (2 damage)
             ... on level 3 of the Dungeon.
             The game lasted 00:05:03 (1732 turns).

styxcanada the Sneak (Spriggan Brigand)             Turns: 1732, Time: 00:05:05

Health: -1/18      AC:  3    Str:  7    XL:     3   Next: 89%
Magic:  4/4        EV: 17    Int: 12    God:
Gold:   133        SH:  0    Dex: 18    Spells: 2/2 levels left

rFire   . . .      SeeInvis +   k - +0 dagger (venom)
rCold   + . .      Faith    .   (no shield)
rNeg    . . .      Spirit   .   b - +0 robe
rPois   .          Reflect  .   (helmet restricted)
rElec   .          Harm     .   c - +0 cloak
rCorr   .          Rampage  .   (gloves unavailable)
Will    .....                   (boots unavailable)
Stlth   ++++......              (no amulet)
HPRegen 0.06/turn               l - ring of protection from cold
MPRegen 0.09/turn               (no ring)

@: very quick
A: very small, no large weapons, unfitting armour, see invisible, speed 3
a: no special abilities


You were on level 3 of the Dungeon.
You visited 1 branch of the dungeon, and saw 3 of its levels.

You collected 133 gold pieces.

Inventory:

Hand Weapons
 a - a +2 dagger
 k - a +0 dagger of venom (weapon)
 o - a +0 hunting sling
Missiles
 d - 8 poisoned darts (quivered)
 e - 2 curare-tipped darts
 p - 18 stones
Armour
 b - a +0 robe (worn)
 c - a +0 cloak (worn)
Jewellery
 l - a ring of protection from cold (left hand)
Scrolls
 i - 2 scrolls of magic mapping {unknown}
 j - a scroll of holy word {unknown}
 m - 4 scrolls of identify {unknown}
Potions
 f - a potion of berserk rage {unknown}
 g - a potion of might {unknown}
 h - a potion of invisibility {unknown}
 n - a potion of curing {unknown}


   Skills:
 * Level 1.8 Fighting
 + Level 2.6 Short Blades
 + Level 2.0 Throwing
 * Level 2.3 Dodging
 * Level 7.4 Stealth


You had 2 spell levels left.
You didn't know any spells.
Your spell library was empty.

Dungeon Overview and Level Annotations

Branches:
Dungeon (2/15)

Altars:


Innate Abilities, Weirdness & Mutations

You are very small and have problems with some larger weapons.
You are too small for most types of armour.
You have supernaturally acute eyesight. (SInv)
You cover ground extremely quickly. (Speed+++)


Message History

You stick the adder like a pincushion!!!
You kill the adder!
A bat comes into view.
Found a short smoking staff.
The helpless adder fails to defend itself.
You spit the adder like a pig!!!
You kill the adder!
The bat barely misses you. The quokka closely misses you.
Your Dodging skill increases to level 2!
You hit the quokka but do no damage.
The quokka is poisoned.
The bat closely misses you. The quokka barely misses you.
You hit the quokka but do no damage.
The quokka looks as sick as possible!
The quokka is heavily wounded.
You kill the quokka!
You hit the bat.
The bat is poisoned.
The bat is moderately wounded.
You kill the bat!
Found an ancient chain mail.
There is an escape hatch in the floor, spattered with blood here.
You now have 133 gold pieces (gained 18).
A quokka comes into view.
A sourceless malevolence fills the Dungeon...
You fall into a shaft and drop 1 floor!
The shaft crumbles and collapses.
A black bear comes into view.
The black bear growls angrily.
You hit the black bear.
The black bear is lightly wounded.
You hit the black bear but do no damage.
The black bear is poisoned.
The black bear is lightly wounded.
The black bear bites you! The black bear claws you.
The black bear closely misses you.
You hit the black bear but do no damage.
The black bear looks even sicker.
The black bear is lightly wounded.
The black bear bites you!
* * * LOW HITPOINT WARNING * * *
The black bear claws you.
You die...

# .#
##.
##..
#..
#h#
#@#
#.#
..#
..##
##.
#.
#.
#.


You could see a black bear (very poisoned).

Vanquished Creatures
  3 adders (D:2)
  2 dart slugs (D:1)
  A ball python (D:1)
  4 endoplasms (D:1)
  2 giant cockroaches (D:1)
  2 goblins (D:1)
  A hobgoblin (D:2)
  4 jackals (D:1)
  2 quokkas (D:2)
  5 bats
  2 frilled lizards (D:1)
  A kobold (D:1)
  2 rats
31 creatures vanquished.

Notes
Turn   | Place    | Note
-------+----------+-------------------------------------------
     0 | D:1      | styxcanada the Spriggan Brigand began the quest for the
                  | Orb.
     0 | D:1      | Reached XP level 1. HP: 10/10 MP: 2/2
    41 | D:1      | Reached skill level 6 in Stealth
   227 | D:1      | Reached XP level 2. HP: 11/15 MP: 3/3
   755 | D:1      | Found a faded altar of an unknown god.
   994 | D:1      | Reached XP level 3. HP: 18/18 MP: 4/4
  1491 | D:2      | Reached skill level 7 in Stealth
  1729 | D:2      | You fall into a shaft and drop 1 floor!
  1729 | D:3      | Noticed a black bear
  1732 | D:3      | Slain by a black bear

Illustrated notes

Levels and vault maps discovered:
D:1:      minmay_arrival_arboretum_small, layout_basic,
          ebering_ecumenical_altar_webs, minmay_misc_feat_pillars,
          minmay_pentomino_z4
D:2:      layout_rooms
D:3:      layout_rooms, lemuel_coloured_pillars_altar, serial_shops,
          shop_statue, kennysheep_potato, uniq_robin

Skill      XL: |  1  2  3 |
---------------+----------+-----
Stealth        | 6 7 |  7.4
Dodging        | 2 |  2.3
Fighting       | |  1.8
Short Blades   | |  2.6
Throwing       | |  2.0

Action                   || total
-------------------------++-------
Melee: Dagger            ||    96
       Punch             ||     3
 Stab: Sleeping          ||     8
Armor: Robe              ||     7
Dodge: Dodged            ||    60
